 Dungeon Crawl Stone Soup version 0.30-a0-170-g85af917532 (webtiles) character file.

Game seed: 14899611167018679535

81 LnG the Caller (level 4, -1/25 HPs)
             Began as a Kobold Summoner on Sept 30, 2022.
             Killed from afar by Robin (5 damage)
             ... with a puff of flame
             ... on level 3 of the Dungeon.
             The game lasted 00:04:10 (2613 turns).

LnG the Caller (Kobold Summoner)                    Turns: 2613, Time: 00:04:10

Health: -1/25      AC:  2    Str:  5    XL:     4   Next: 67%
Magic:  16/16      EV: 16    Int: 18    God:
Gold:   150        SH:  0    Dex: 21    Spells: 2/8 levels left

rFire   . . .      SeeInvis .    g - +0 dagger (freeze)
rCold   . . .      Faith    .    (no shield)
rNeg    . . .      Spirit   .    a - +0 robe
rPois   .          Reflect  .    (no helmet)
rElec   .          Harm     .    (no cloak)
rCorr   .          Rampage  .    (no gloves)
Will    .....                    (no boots)
Stlth   ++++......               (no amulet)
HPRegen 0.08/turn                c - ring of magical power
MPRegen 0.15/turn                j - +6 ring of dexterity

@: no status effects
A: small, no large weapons, nightstalker 3
a: no special abilities


You were on level 3 of the Dungeon.
You visited 1 branch of the dungeon, and saw 3 of its levels.

You collected 150 gold pieces.

Inventory:

Hand Weapons
 g - a +0 dagger of freezing (weapon)
Armour
 a - a +0 robe (worn)
Jewellery
 c - a ring of magical power (left hand)
 j - a +6 ring of dexterity (right hand)
Scrolls
 e - a scroll of enchant weapon {unknown}
 i - 4 scrolls of identify {unknown}
 n - a scroll of blinking {unknown}
 p - a scroll of fog {unknown}
Potions
 b - a potion of magic
 d - a potion of heal wounds {unknown}
 f - a potion of haste {unknown}
 h - a potion of brilliance {unknown}
 k - a potion of experience {unknown}
 l - 3 potions of attraction {unknown}
 m - a potion of lignification {unknown}
 o - a potion of degeneration {unknown}


   Skills:
 + Level 1.0 Fighting
 + Level 0.8 Short Blades
 + Level 3.0 Dodging
 + Level 4.0 Stealth
 + Level 2.6 Spellcasting
 + Level 4.5 Summonings


You had 2 spell levels left.
You knew the following spells:

 Your Spells              Type           Power      Damage    Failure   Level
a - Summon Small Mammal   Summ           72%        N/A       2%          1
b - Call Imp              Summ           18%        N/A       4%          2
c - Call Canine Familiar  Summ           18%        N/A       8%          3

Your spell library contained the following spells:

 Spells                   Type           Power      Damage    Failure   Level
 Summon Guardian Golem    Hex/Summ       10%        N/A       21%         3
 Summon Lightning Spire   Summ/Air       10%        N/A       54%         4


Dungeon Overview and Level Annotations

Branches:
Dungeon (3/15)

Altars:

Annotations:
D:3 Robin


Innate Abilities, Weirdness & Mutations

You are small and have problems with some larger weapons.
You are completely attuned to the shadows.


Message History

You hit the hobgoblin. You freeze the hobgoblin.
The hobgoblin is heavily wounded.
The hobgoblin closely misses you.
You hit the hobgoblin. You freeze the hobgoblin.
The hobgoblin is almost dead.
Robin of the Strong Arm comes into view.
They are wielding a +0 spear and carrying a wand of flame (21).
The hobgoblin misses you.
You barely miss the hobgoblin. Your punch misses the hobgoblin.
The hobgoblin is almost dead.
The hobgoblin barely misses you.
You hit the hobgoblin but do no damage.
The hobgoblin is almost dead.
Robin says, "My army is invincible!"
The hobgoblin closely misses you.
You hit the hobgoblin. You freeze the hobgoblin.
You kill the hobgoblin!
Your Stealth skill increases to level 4!
You hit the hobgoblin but do no damage. The hobgoblin barely misses you.
You hit the hobgoblin but do no damage. The hobgoblin misses you.
Robin barely misses you.
You hit the hobgoblin. You freeze the hobgoblin.
The hobgoblin is heavily wounded.
The hobgoblin barely misses you. Robin closely misses you.
You closely miss the hobgoblin.
The hobgoblin is heavily wounded.
The hobgoblin misses you. Robin closely misses you.
You hit the hobgoblin. You freeze the hobgoblin.
You kill the hobgoblin!
Robin zaps a wand.
The puff of flame hits you! Robin hits you with a +0 spear.
* * * LOW HITPOINT WARNING * * *
Items here: ) †††††.
You hit Robin. You freeze Robin.
Robin is lightly wounded.
Robin zaps a wand.
The puff of flame misses you. The puff of flame hits your hound!
You swap places.
Your hound disappears in a puff of smoke!
Robin zaps a wand.
The puff of flame hits you.
You die...

......###
.....(..+
......###..
...........
......#####
.###.## #
#.# #.###.#
#.g§@.#
...##### ##


You could see Robin.

Vanquished Creatures
  An adder (D:2)
  5 endoplasms
  A giant cockroach (D:2)
  2 goblins
  12 hobgoblins
  4 jackals (D:1)
  4 ball pythons
  4 bats
  2 frilled lizards (D:2)
  4 kobolds
  7 rats
46 creatures vanquished.

Vanquished Creatures (collateral kills)
  A gnoll (D:1)
  2 goblins (D:3)
  5 jackals (D:1)
  A frilled lizard (D:2)
  A kobold (D:1)
  A rat (D:1)
11 creatures vanquished.

Grand Total: 57 creatures vanquished

Notes
Turn   | Place    | Note
-------+----------+-------------------------------------------
     0 | D:1      | LnG the Kobold Summoner began the quest for the Orb.
     0 | D:1      | Reached XP level 1. HP: 10/10 MP: 3/3
   447 | D:1      | Reached XP level 2. HP: 3/15 MP: 3/5
   860 | D:1      | Learned a level 2 spell: Call Imp
  1199 | D:1      | Found a faded altar of an unknown god.
  1258 | D:1      | Reached XP level 3. HP: 20/20 MP: 6/6
  1262 | D:1      | Learned a level 3 spell: Call Canine Familiar
  1808 | D:2      | Reached skill level 1 in Fighting
  1808 | D:2      | Reached XP level 4. HP: 25/25 MP: 7/7
  2602 | D:3      | Noticed Robin
  2613 | D:3      | Killed from afar by Robin

Illustrated notes

Levels and vault maps discovered:
D:1:      arrival_zaba_pyramid, layout_basic, basic_ecumenical_altar
D:2:      layout_rooms, serial_curves, eino_curves_03, eino_curves_02,
          serial_bayou_lagoon_b
D:3:      layout_basic, serial_shops, nicolae_shop_waterfront,
          minmay_misc_feat_ornament, uniq_robin, uniq_sigmund

Skill      XL: |  1  2  3  4 |
---------------+-------------+-----
Stealth        | 3 4 |  4.0
Fighting       | 1 |  1.0
Dodging        | 3 |  3.0
Short Blades   | |  0.8
Spellcasting   | |  2.6
Summonings     | |  4.5

Action                   |  1- 3 |  4- 6 || total
-------------------------+-------+-------++-------
Melee: Dagger            |    55 |    77 ||   132
       Short sword       |     5 |       ||     5
       Unarmed           |     2 |       ||     2
 Cast: Summon Small Mamm |     8 |       ||     8
       Call Imp          |     1 |       ||     1
       Call Canine Famil |     1 |     2 ||     3
 Stab: Sleeping          |    11 |     8 ||    19
Armor: Robe              |    13 |     3 ||    16
Dodge: Dodged            |    63 |    48 ||   111

Table legend: (Time is in decaauts)
 A = Elapsed time spent in this place.
 B = Non-inter-level travel time spent in this place.
 C = Inter-level travel time spent in this place.
 D = Time resting spent in this place.
 E = Time spent auto-exploring this place.
 F = Levels seen in this place.
 G = Mean time per level.
                   A        B        C        D        E       F      G
               +--------+--------+--------+--------+--------+-----+--------+
         Total |   2621 |   2592 |     29 |    809 |   1408 |   3 |  873.7 |
       Dungeon |   2621 |   2592 |     29 |    809 |   1408 |   3 |  873.7 |
               +--------+--------+--------+--------+--------+-----+--------+

Top non-repeatable levels by time:
     D:1: 1758 daAuts
     D:2: 761 daAuts
     D:3: 101 daAuts
